 Dungeon Crawl Stone Soup version 0.25-a0-1126-g5fd7b56c60 (webtiles) character file.

Game seed: 6882382012899410623, levelgen mode: deterministic

357 sunblast the Chopper (level 6, -7/53 HPs)
             Began as a Minotaur Fighter on May 19, 2020.
             Mangled by an ogre
             ... wielding a +0 giant spiked club
              (28 damage)
             ... on level 4 of the Dungeon.
             The game lasted 00:21:08 (3286 turns).

sunblast the Chopper (Minotaur Fighter)             Turns: 3286, Time: 00:21:09

Health: -7/53      AC:  9    Str: 23    XL:     6   Next: 37%
Magic:  5/5        EV:  8    Int:  5    God:
Gold:   194        SH: 10    Dex:  9    Spells: 5/5 levels left

rFire    . . .     SeeInvis .   a - +0 war axe
rCold    . . .     Gourm    .   c - +0 kite shield
rNeg     . . .     Faith    .   b - +0 scale mail
rPois    .         Spirit   .   (helmet restricted)
rElec    .         Reflect  .   r - +1 cloak
rCorr    .         Harm     .   (no gloves)
MR       .....                  (no boots)
Stlth    ..........             (no amulet)
HPRegen  0.17/turn              (no ring)
MPRegen  0.09/turn              (no ring)

@: no status effects
A: retaliatory headbutt, horns 2
a: no special abilities


You were on level 4 of the Dungeon.
You were not hungry.

You visited 1 branch of the dungeon, and saw 4 of its levels.

You collected 194 gold pieces.

Inventory:

Hand Weapons
 a - a +0 war axe (weapon)
Missiles
 l - 133 stones (quivered)
Armour
 b - a +0 scale mail (worn)
 c - a +0 kite shield (worn)
 r - a +1 cloak (worn)
 v - a +0 tower shield
Jewellery
 g - an uncursed ring of fire {unknown}
 u - a +6 ring of intelligence {unknown}
Scrolls
 h - a scroll of teleportation {unknown}
 k - a scroll of fog {unknown}
 n - 2 scrolls of identify {unknown}
 q - a scroll of amnesia {unknown}
 s - 3 scrolls of remove curse {unknown}
 t - a scroll of magic mapping {unknown}
Potions
 d - a potion of might
 e - 2 potions of magic {unknown}
 i - 3 potions of curing
 j - 2 potions of heal wounds {unknown}
 o - a potion of stabbing {unknown}
 p - 2 potions of ambrosia {unknown}
Comestibles
 f - 4 rations
 m - a chunk of flesh


   Skills:
 + Level 4.4 Fighting
 * Level 6.0 Axes
 + Level 5.0 Armour
 + Level 1.0 Dodging
 + Level 4.7 Shields


You had 5 spell levels left.
You didn't know any spells.
Your spell library contained the following spells:

 Spells                   Type           Power        Failure   Level  Hunger
 Animate Skeleton         Necr           N/A          99%         1    ##.....
 Pain                     Necr           #...         99%         1    ##.....
 Vampiric Draining        Necr           #.........   100%        3    ####...
 Animate Dead             Necr           N/A          100%        4    #####..
 Agony                    Necr           #.......     100%        5    ######.


Dungeon Overview and Level Annotations

Branches:
Dungeon (4/15)
 Temple: D:4-7

Altars:
Qazlal


Innate Abilities, Weirdness & Mutations

You reflexively headbutt those who attack you in melee.
You have a pair of horns on your head.


Message History

An ogre comes into view. It is wielding a +0 giant spiked club.
You block the ogre's attack.
You hit the ogre. You headbutt the ogre.
The ogre is moderately wounded.
An orc comes into view.
The ogre hits you with a +0 giant spiked club!!
The orc shouts!
You slash the ogre!
The ogre is almost dead.
The ogre hits you with a +0 giant spiked club!
You are too injured to fight recklessly!
The orc throws a stone.
You block the stone.
You see here a stone.
You block the ogre's attack.
You are too injured to fight recklessly!
You are too injured to fight recklessly!
You are too injured to fight recklessly!
The ogre hits you with a +0 giant spiked club!!
Ouch! That really hurt!
You die...

### #≈# .... #.# #≈#
..... #.# #≈# .... #.#
#.# ... #.##
###.####..##########
#≈...°##...........#
#.#.....##...........#
#...._.(@............####
..#....O#................
#°...○#............####
###.###.#####......# #..
#.# #......# .o.. #.#
#......# .... #.#
#......# ..... #.#
######## ....


You could see an ogre and an orc.

Vanquished Creatures
  An orc priest (D:2)
  Crazy Yiuf (D:2)
  A hound (D:4)
  An orc wizard (D:2)
  Jessica (D:2)
  Terence (D:2)
  Natasha (thrice) (D:3)
  3 adders
  3 worms (D:2)
  A dart slug (D:2)
  6 leopard geckos
  4 orcs
  3 giant cockroaches
  6 goblins
  8 hobgoblins
  2 jackals (D:4)
  5 kobolds
  A quokka (D:2)
  9 bats
  A frilled lizard (D:3)
  A quokka skeleton (D:4)
  16 rats
78 creatures vanquished.

Notes
Turn   | Place    | Note
-------+----------+-------------------------------------------
     0 | D:1      | sunblast the Minotaur Fighter began the quest for the Orb.
     0 | D:1      | Reached XP level 1. HP: 19/19 MP: 0/0
   300 | D:1      | Reached XP level 2. HP: 17/27 MP: 1/1
  1214 | D:2      | Noticed Jessica
  1216 | D:2      | Killed Jessica
  1216 | D:2      | Reached skill level 3 in Axes
  1216 | D:2      | Reached XP level 3. HP: 33/33 MP: 2/2
  1292 | D:2      | Reached XP level 4. HP: 24/40 MP: 3/3
  1321 | D:2      | Reached skill level 4 in Axes
  1770 | D:2      | Reached XP level 5. HP: 43/46 MP: 4/4
  1942 | D:2      | Found a runed translucent door.
  1943 | D:2      | Noticed Crazy Yiuf
  2012 | D:2      | Noticed Terence
  2028 | D:2      | Killed Terence
  2149 | D:2      | Killed Crazy Yiuf
  2149 | D:2      | Reached skill level 5 in Axes
  2533 | D:3      | Noticed Natasha
  2546 | D:3      | Killed Natasha
  2728 | D:3      | Noticed Natasha
  2742 | D:3      | Killed Natasha
  2742 | D:3      | Reached XP level 6. HP: 44/53 MP: 5/5
  2763 | D:3      | Noticed Natasha
  2779 | D:3      | Killed Natasha
  3145 | D:4      | Reached skill level 5 in Armour
  3260 | D:4      | Reached skill level 6 in Axes
  3260 | D:4      | Reached skill level 1 in Dodging
  3275 | D:4      | Found a stormy altar of Qazlal.
  3286 | D:4      | Mangled by an ogre

Illustrated notes

Levels and vault maps discovered:
D:1:      denvon_arrival_waterhouse, layout_basic, due_unseen_surprise
D:2:      layout_basic, minmay_rat_gold_closets, uniq_jessica, uniq_terence,
          uniq_crazy_yiuf_cottage
D:3:      layout_basic, first_ration, serial_forest, infiniplex_forest_lined_2,
          infiniplex_forest_straight_5, infiniplex_forest_clump_double,
          infiniplex_forest_clump_curved, infiniplex_forest_lined_corner,
          uniq_natasha
D:4:      layout_basic, gup_sewer_entry_spiral, grunt_qazlal_clouds, uniq_edmund

Skill      XL: |  1  2  3  4  5  6 |
---------------+-------------------+-----
Fighting       | 4 |  4.4
Armour         | 4 5 |  5.0
Axes           | 3 4 5 6 |  6.0
Shields        | 4 |  4.7
Dodging        | 1 |  1.0

Action                   |  1- 3 |  4- 6 || total
-------------------------+-------+-------++-------
Melee: War axe           |    63 |   126 ||   189
       Headbutt          |     5 |    13 ||    18
  Eat: Chunk             |     1 |     7 ||     8
Armor: Scale mail        |    22 |    44 ||    66
Dodge: Dodged            |    14 |    39 ||    53
Block: Kite shield       |    31 |    61 ||    92

Table legend:
 A = Non-vault XP
 B = Vault XP
 C = Vault XP percentage of total XP
 D = Non-vault monster count
 E = Vault monster count
 F = Vault count percentage of total count
                 A         B        C        D         E       F
            +---------+---------+-------+---------+---------+-------
      Total |     351 |     160 |  31.3 |      66 |      12 |  15.4
            +---------+---------+-------+---------+---------+-------
        D:1 |      22 |       0 |   0.0 |      12 |       0 |   0.0
        D:2 |     168 |     122 |  42.1 |      30 |      10 |  25.0
        D:3 |     114 |      35 |  23.5 |      20 |       1 |   4.8
        D:4 |      47 |       3 |   6.0 |       4 |       1 |  20.0
            +---------+---------+-------+---------+---------+-------
